 Dungeon Crawl Stone Soup version 0.30-b1-2-g02819fbbbe (webtiles) character file.

Game seed: 16965792267670317918

126 MisterFreud the Chucker (level 5, -3/37 HPs)
             Began as a Gnoll Wanderer on Aug 25, 2023.
             Slain by an orc wizard
             ... wielding a +0 whip
              (5 damage)
             ... on level 3 of the Dungeon.
             The game lasted 00:03:32 (2229 turns).

MisterFreud the Chucker (Gnoll Wanderer)            Turns: 2229, Time: 00:03:32

Health: -3/37      AC:  8    Str: 11    XL:     5   Next: 9%
Magic:  9/9        EV: 13    Int: 12    God:
Gold:   99         SH:  0    Dex: 19    Spells: 9/10 levels left

rFire   . . .        a - +0 mace
rCold   . . .        (no shield)
rNeg    . . .        e - +1 leather armour
rPois   .            (no helmet)
rElec   .            (no cloak)
rCorr   .            (no gloves)
SInv    .            (no boots)
Will    .....        (no amulet)
Stlth   +            f - +6 ring of dexterity
HPRegen 0.26/turn    h - +4 ring of protection
MPRegen 0.11/turn

%: no passive effects
@: confused
A: fangs 1, strong nose, distributed training
a: no special abilities


You were on level 3 of the Dungeon.
You visited 1 branch of the dungeon, and saw 3 of its levels.

You collected 147 gold pieces.
You spent 48 gold pieces at shops.

Inventory:

Hand Weapons
 a - a +0 mace (weapon)
 c - a +0 dagger
Missiles
 b - 14 poisoned darts (quivered)
Armour
 e - a +1 leather armour (worn)
Jewellery
 f - a +6 ring of dexterity (left hand)
 h - a +4 ring of protection (right hand)
Scrolls
 i - a scroll of enchant armour
 m - a scroll of fog
Potions
 d - a potion of berserk rage
 g - a potion of curing {unknown}
 j - a potion of might
 l - a potion of cancellation {unknown}
 n - a potion of degeneration {unknown}


   Skills:
 + Level 1.4 Fighting
 + Level 1.4 Short Blades
 + Level 1.4 Long Blades
 + Level 1.4 Axes
 + Level 4.7 Maces & Flails
 + Level 1.4 Polearms
 + Level 1.4 Staves
 + Level 1.4 Ranged Weapons
 + Level 6.7 Throwing
 + Level 1.4 Armour
 + Level 2.9 Dodging
 + Level 1.4 Stealth
 + Level 1.4 Shields
 + Level 1.4 Unarmed Combat
 + Level 3.1 Spellcasting
 + Level 1.1 Conjurations
 + Level 5.5 Hexes
 + Level 1.1 Summonings
 + Level 1.1 Necromancy
 + Level 1.1 Translocations
 + Level 1.1 Transmutations
 + Level 1.1 Fire Magic
 + Level 1.1 Ice Magic
 + Level 1.1 Air Magic
 + Level 1.1 Earth Magic
 + Level 1.1 Poison Magic
 + Level 1.6 Invocations
 + Level 1.4 Evocations


You had 9 spell levels left.
You knew the following spells:

 Your Spells              Type           Power      Damage    Failure   Level
a - Slow                  Hex            60%        N/A       3%          1

Your spell library contained the following spells:

 Spells                   Type           Power      Damage    Failure   Level
 Dazzling Flash           Conj/Hex       18%        N/A       24%         3
 Summon Guardian Golem    Hex/Summ       9%         N/A       24%         3
 Cause Fear               Hex            7%         N/A       32%         4
 Dragon Form              Tmut           2%         N/A       100%        7
 Dragon's Call            Summ           2%         N/A       100%        9


Dungeon Overview and Level Annotations

Branches:
Dungeon (3/15)

Altars:

Shops:
D:1 !


Innate Abilities, Weirdness & Mutations

You have very sharp teeth.
Your uncanny sense of smell can sniff out nearby items.
Your experience applies equally to all skills.


Message History

The puff of flame hits you.
You hit the orc wizard but do no damage.
The orc wizard is moderately wounded.
The orc priest calls upon Beogh to heal the orc wizard.
The orc wizard's wounds heal themselves!
You hit the orc wizard but do no damage.
The orc wizard hits you with a +0 whip.
You closely miss the orc wizard.
The orc wizard hits you but does no damage.
You miss the orc wizard.
The orc wizard hits you but does no damage.
You barely miss the orc wizard.
You hit the orc wizard but do no damage.
The orc wizard hits you but does no damage.
Unknown command.
You sock the orc wizard! Your bite misses the orc wizard.
The orc wizard is severely wounded.
The orc wizard points at you and mumbles some strange words.
You are confused.
You bump into the rock wall.
Unknown command.
You bump into the rock wall.
Unknown command.
You miss the adder. The adder closely misses you.
The orc priest calls down the wrath of Beogh upon you.
Beogh smites you!
The orc wizard points at you and mumbles some strange words.
The puff of flame hits you.
Unknown command.
You bump into the rock wall.
The adder bites you.
The orc priest mumbles some strange prayers to Beogh against you.
Beogh smites you!
* * * LOW HITPOINT WARNING * * *
The adder bites you but does no damage.
Unknown command.
You closely miss the orc wizard.
You bite the orc wizard, but do no damage.
The orc wizard is severely wounded.
The adder closely misses you. The orc wizard hits you with a +0 whip.
You die...

###### #....# #....# #
#^...######S#
.#######.##......#
.........##..o...#
#####.o..#......#
###S#.....r..#
##.o@###.......
##########..#.###.o....#
#(......#...........(..#
#<.........##[###......#
#.......#..##.# .....)#
#.........##..# ......#
####........## .##
##.#### ...........####.
####.......# #.. #


You could see an orc priest, an orc wizard (slow) and an adder.

Vanquished Creatures
  6 adders (D:2)
  5 dart slugs
  3 orcs
  6 endoplasms
  A giant cockroach (D:1)
  4 hobgoblins (D:2)
  4 jackals (D:2)
  3 quokkas
  6 ball pythons
  6 bats
  2 frilled lizards
  6 goblins
  A kobold (D:1)
  5 rats
58 creatures vanquished.

Notes
Turn   | Place    | Note
-------+----------+-------------------------------------------
     0 | D:1      | MisterFreud the Gnoll Wanderer began the quest for the Orb.
     0 | D:1      | MisterFreud set off with the following items: a +0 mace, 14
                  | poisoned darts, a +0 dagger, a potion of berserk rage, a +0
                  | leather armour; and the following spell memorised: Slow;
                  | and the following spells available to memorise: Dazzling
                  | Flash, Summon Guardian Golem.
     0 | D:1      | Reached XP level 1. HP: 13/13 MP: 4/4
   193 | D:1      | Reached XP level 2. HP: 19/19 MP: 3/5
   561 | D:1      | Reached XP level 3. HP: 25/25 MP: 7/7
   735 | D:1      | Reached skill level 1 in Invocations
  1003 | D:1      | Found Qodituo's Distillery.
  1012 | D:1      | Bought a potion of might for 48 gold pieces
  1120 | D:2      | Reached skill level 1 in Fighting
  1120 | D:2      | Reached skill level 1 in Short Blades
  1120 | D:2      | Reached skill level 1 in Long Blades
  1120 | D:2      | Reached skill level 1 in Axes
  1120 | D:2      | Reached skill level 1 in Polearms
  1120 | D:2      | Reached skill level 1 in Staves
  1120 | D:2      | Reached skill level 1 in Ranged Weapons
  1120 | D:2      | Reached skill level 1 in Armour
  1120 | D:2      | Reached skill level 1 in Stealth
  1120 | D:2      | Reached skill level 1 in Shields
  1120 | D:2      | Reached skill level 1 in Unarmed Combat
  1120 | D:2      | Reached skill level 1 in Evocations
  1275 | D:2      | Reached XP level 4. HP: 31/32 MP: 4/8
  1401 | D:2      | Reached skill level 1 in Conjurations
  1401 | D:2      | Reached skill level 1 in Summonings
  1401 | D:2      | Reached skill level 1 in Necromancy
  1401 | D:2      | Reached skill level 1 in Translocations
  1401 | D:2      | Reached skill level 1 in Transmutations
  1401 | D:2      | Reached skill level 1 in Fire Magic
  1401 | D:2      | Reached skill level 1 in Ice Magic
  1401 | D:2      | Reached skill level 1 in Air Magic
  1401 | D:2      | Reached skill level 1 in Earth Magic
  1401 | D:2      | Reached skill level 1 in Poison Magic
  1879 | D:2      | Reached XP level 5. HP: 37/37 MP: 9/9
  2229 | D:3      | Slain by an orc wizard

Illustrated notes

Levels and vault maps discovered:
D:1:      moated_graveyard_arrival, layout_basic, serial_shops,
          nicolae_lakefront_shop
D:2:      layout_basic
D:3:      layout_rooms, uniq_crazy_yiuf_cottage

Skill      XL: |  1  2  3  4 |
---------------+-------------+-----
Invocations    | 1 |  1.6
Fighting       | 1 |  1.4
Short Blades   | 1 |  1.4
Long Blades    | 1 |  1.4
Axes           | 1 |  1.4
Polearms       | 1 |  1.4
Staves         | 1 |  1.4
Ranged Weapons | 1 |  1.4
Armour         | 1 |  1.4
Stealth        | 1 |  1.4
Shields        | 1 |  1.4
Unarmed Combat | 1 |  1.4
Evocations     | 1 |  1.4
Spellcasting   | 3 |  3.1
Conjurations   | 1 |  1.1
Summonings     | 1 |  1.1
Necromancy     | 1 |  1.1
Translocations | 1 |  1.1
Transmutations | 1 |  1.1
Fire Magic     | 1 |  1.1
Ice Magic      | 1 |  1.1
Air Magic      | 1 |  1.1
Earth Magic    | 1 |  1.1
Poison Magic   | 1 |  1.1
Maces & Flails | |  4.7
Throwing       | |  6.7
Dodging        | |  2.9
Hexes          | |  5.5

Action                     |  1- 3 |  4- 6 || total
---------------------------+-------+-------++-------
  Melee: Mace              |   103 |   106 ||   209
         Bite              |    13 |    10 ||    23
         Punch             |     1 |     3 ||     4
   Cast: Slow              |    19 |    22 ||    41
    Use: Scroll            |       |     4 ||     4
   Stab: Sleeping          |       |     1 ||     1
 Armour: Leather armour    |    33 |    30 ||    63
  Dodge: Dodged            |    61 |    72 ||   133
